Map: Magannatha LE

Players

SubN

  • Race: Zerg Zerg
  • League: Platinum
  • Spawn Location: 11:00

Austin - Winner!

  • Race: Protoss Protoss
  • League: Diamond
  • Spawn Location: 5:00

VOD

Have the link to the VOD?

Description

Time

  • Played on: July 20, 2025, 1:19 p.m.
  • Length: 7:18
Show
View Real Time Build Order
Export as new Build Order

SubN Zerg 

Build Orders: Pool First 

Get SALT Encoding   

  12  0:00  Drone  
  13  0:08  Drone  
  13  0:13  Extractor  
  13  0:28  Spawning Pool  
  12  0:54  Hatchery  
  11  1:18  Queen  
  13  1:35  Metabolic Boost  
  13  1:43  Overlord  
  13  1:49  Zergling x2  
  14  2:02  Zergling x4  
  16  2:27  Drone x7  
  23  2:39  Queen  
  23  2:43  Drone  
  26  3:09  Drone x2  
  26  3:12  Overlord x2  
  27  3:31  Spine Crawler  
  27  3:34  Drone x9  
  35  3:43  Roach Warren  
  34  3:48  Queen  
  34  3:54  Zergling x2  
  37  3:58  Drone x3  
  37  4:01  Extractor  
  38  4:04  Queen  
  38  4:06  Zergling x2  
  41  4:12  Zergling x4  
  36  4:44  Drone x7  
  41  4:53  Drone x2  
  41  4:55  Drone  
  44  5:00  Overlord x2  
  44  5:01  Overlord x2  
  44  5:05  Extractor  
  43  5:08  Drone  
  37  5:22  Hatchery  
  37  5:26  Spore Crawler  
  35  5:29  Drone x4  
  35  5:30  Drone x5, Spore Crawler  
  43  5:40  Drone x2  
  47  5:50  Drone x4  
  47  5:53  Lair  
  47  5:54  Extractor  
  46  5:57  Drone x2  
  48  6:16  Drone  
  49  6:25  Zergling x2  
  50  6:26  Overlord  
  50  6:27  Overlord  
  50  6:33  Drone x2  
  50  6:36  Drone x3  
  50  6:37  Drone x3, Queen  
  60  6:47  Drone  
  61  6:56  Overlord x2  
  61  6:58  Overseer x2, Spore Crawler  
  60  7:04  Drone x8  
Show
View Real Time Build Order
Export as new Build Order

Austin Protoss - Winner!

Build Orders: 1 Gate Expand, Oracle Opening 

Get SALT Encoding   

  12  0:00  Probe  
  13  0:12  Probe  
  14  0:20  Pylon  
  14  0:24  Probe  
  15  0:34  Probe  
  15  0:38  Gateway  
  16  0:43  Probe  
  17  0:50  Assimilator  
  17  0:52  Probe  
  18  1:04  Probe  
  19  1:16  Probe  
  20  1:20  Pylon  
  20  1:29  Probe  
  21  1:39  Nexus  
  21  1:44  Cybernetics Core  
  21  1:48  Assimilator  
  21  1:50  Probe  
  22  2:00  Pylon  
  22  2:02  Probe  
  23  2:12  Adept  
  24  2:24  Warp Gate  
  24  2:26  Gateway  
  24  2:29  Shield Battery  
  24  2:37  Pylon  
  24  2:42  Adept  
  24  2:44  Probe  
  27  2:55  Stargate  
  27  2:58  Probe  
  27  3:01  Probe  
  29  3:09  Stalker  
  31  3:15  Stalker  
  33  3:26  Pylon, Probe  
  34  3:29  Oracle  
  34  3:33  Probe  
  35  3:38  Probe  
  39  3:53  Probe x2  
  41  3:57  Oracle  
  41  4:00  Pylon  
  41  4:02  Assimilator  
  41  4:05  Probe x2  
  46  4:14  Pylon  
  46  4:25  Probe  
  47  4:34  Oracle  
  48  4:44  Probe x2  
  45  4:47  Stalker x2  
  49  4:56  Probe x2  
  51  5:08  Probe x2  
  53  5:29  Probe x2  
  53  5:34  Nexus  
  53  5:35  Stalker x2  
  59  5:41  Forge  
  59  5:43  Gateway  
  59  5:44  Gateway  
  59  5:48  Twilight Council  
  59  5:51  Pylon  
  59  5:53  Gateway  
  59  5:55  Gateway  
  59  5:58  Pylon  
  59  5:59  Stalker  
  61  6:05  Void Ray  
  61  6:06  Pylon  
  65  6:25  Stalker x2  
  65  6:29  Shield Battery  
  65  6:31  Probe, Photon Cannon  
  70  6:33  Probe  
  71  6:40  Photon Cannon  
  71  6:43  Probe  
  76  6:55  Stalker  
  76  6:56  Probe  
  76  6:57  Probe x2  
Tags
 
Add a new tag
Caveats
  • Supply blocks, unpowered buildings, or Contaminate may cause inaccurate times.
  • Supply counts are checked every 10 seconds.